 Dungeon Crawl Stone Soup version 0.29-a0-565-g7a16c6de65 (webtiles) character file.

Game seed: 15218725353306391907

2132 KristoblXynda the Fighter (level 9, -2/82 HPs)
             Began as a Purple Draconian Monk on June 12, 2022.
             Frozen to death by astraldaughter's ghost (19 damage)
             ... on level 6 of the Dungeon.
             The game lasted 00:06:57 (8872 turns).

KristoblXynda the Fighter (Purple Draconian Monk)   Turns: 8872, Time: 00:06:57

Health: -2/82      AC: 10    Str: 17    XL:     9   Next: 9%
Magic:  9/9        EV: 18    Int: 14    God:
Gold:   317        SH:  0    Dex: 13    Spells: 8/8 levels left

rFire   . . .      SeeInvis .     - Unarmed
rCold   . . .      Faith    .   (no shield)
rNeg    . . .      Spirit   .   (body armour unavailable)
rPois   +          Reflect  .   (helmet restricted)
rElec   .          Harm     .   f - +0 cloak
rCorr   .          Rampage  .   A - +0 pair of gloves
Will    ++...                   v - +0 pair of boots
Stlth   ++........              (no amulet)
HPRegen 0.23/turn               j - ring of poison resistance
MPRegen 0.11/turn               l - +4 ring of evasion

@: mighty, hasted and slowed
A: breathe power, AC +7, unfitting armour, cold-blooded, clever 1, strong-willed
1
a: Breathe Dispelling Energy


You were on level 6 of the Dungeon.
You visited 1 branch of the dungeon, and saw 7 of its levels.

You collected 317 gold pieces.

Inventory:

Missiles
 w - 3 throwing nets (quivered)
Armour
 f - a +0 cloak (worn)
 v - a +0 pair of boots (worn)
 A - a +0 pair of gloves (worn)
Jewellery
 j - a ring of poison resistance (left hand)
 l - a +4 ring of evasion (right hand)
 u - a +6 ring of intelligence
Wands
 c - a wand of digging (2)
Scrolls
 e - a scroll of vulnerability {unknown}
 g - a scroll of magic mapping
 h - a scroll of fear {unknown}
 i - 5 scrolls of enchant weapon
 k - a scroll of immolation {unknown}
 n - 2 scrolls of amnesia {unknown}
 r - 3 scrolls of fog
Potions
 a - 2 potions of cancellation
 b - 7 potions of curing
 d - a potion of attraction {unknown}
 m - 2 potions of brilliance
 o - a potion of mutation
 q - a potion of might
 s - a potion of haste
 z - a potion of heal wounds {unknown}
 B - a potion of flight {unknown}


   Skills:
 + Level 8.3 Fighting
 + Level 6.9 Dodging
 - Level 1.7 Stealth
 + Level 7.6 Unarmed Combat


You had 8 spell levels left.
You didn't know any spells.
Your spell library contained the following spells:

 Spells                   Type           Power      Damage    Failure   Level
 Portal Projectile        Hex/Tloc       0%         N/A       65%         3
 Stone Arrow              Conj/Erth      0%         3d7       65%         3
 Tukima's Dance           Hex            0%         N/A       65%         3
 Blade Hands              Tmut           0%         N/A       100%        5
 Lehudib's Crystal Spear  Conj/Erth      0%         10d2      100%        8
 Animate Armour           Summ/Erth      Unusable   N/A       N/A         4

Dungeon Overview and Level Annotations

Branches:
Dungeon (7/15)
 Temple: D:4-7

Altars:
Cheibriados
Hepliaklqana
Nemelex Xobeh
Trog

Annotations:
D:6 1 transporter, astraldaughter's ghost, novice HuIE
D:7 Dowan; Duvessa; Joseph


Innate Abilities, Weirdness & Mutations

You can breathe bolts of dispelling energy.
Your rich purple scales are hard. (AC +7)
You cannot fit into any form of body armour.
You are cold-blooded and may be slowed by cold attacks.
Your mind is acute. (Int +2)
You are strong-willed. (Will+)


Message History

You tail-slap astraldaughter's ghost. You punch astraldaughter's ghost.
Astraldaughter's ghost is lightly damaged.
You miss astraldaughter's ghost.
Astraldaughter's ghost is lightly damaged.
Astraldaughter's ghost hits you but does no damage.
You closely miss astraldaughter's ghost.
Your tail-slap misses astraldaughter's ghost.
Astraldaughter's ghost is lightly damaged.
Astraldaughter's ghost freezes you.
You are frozen!!
You feel yourself slow down.
You closely miss astraldaughter's ghost.
Your tail-slap misses astraldaughter's ghost.
Astraldaughter's ghost is lightly damaged.
Astraldaughter's ghost hits you.
You miss astraldaughter's ghost.
Your tail-slap misses astraldaughter's ghost.
Astraldaughter's ghost is lightly damaged.
Astraldaughter's ghost misses you. Astraldaughter's ghost freezes you.
You are frozen!
You miss astraldaughter's ghost. You punch astraldaughter's ghost!
Astraldaughter's ghost is moderately damaged.
Astraldaughter's ghost freezes you.
You are frozen.
You miss astraldaughter's ghost. You tail-slap astraldaughter's ghost.
Astraldaughter's ghost is moderately damaged.
Astraldaughter's ghost freezes you.
You are frozen!
You hit astraldaughter's ghost.
Astraldaughter's ghost is heavily damaged.
Astraldaughter's ghost freezes you.
You are frozen!
* * * LOW HITPOINT WARNING * * *
Astraldaughter's ghost freezes you.
You are frozen.
* * * LOW HITPOINT WARNING * * *
It was a potion of haste.
You feel yourself speed up. Astraldaughter's ghost freezes you.
You are frozen!!
You die...

#..# ##..#.#..#.#..##
#...... #.##
##...#..##..#..# ###....
..# ##...)#..##..#.##
####. ..#
#....©#?#..#.#.## ## .##
##.....#)..O.©#..# ## .#
#....(©#?#..#.#..# ##)
.## ##......#.O##O.#..#
##..
..###.......#..##WO#..##
##..#
#..##.......#.#.@#.#...#
##..##
##..........#©.....#...#
#...##
##.........#########..#
##..... ##.............#
#..####...###
#............###
#.......###
#.........#### #...>...#
#......#### #.......# ##
######..##
##..##...####. ##).##
###..###[..##...


You could see 2 ogres and astraldaughter's ghost.

Vanquished Creatures
  Sigmund (D:3)
  An orc warrior (D:5)
  3 ice beasts (D:6)
  An ogre (D:6)
  2 centaurs
  A phantom (D:5)
  2 necrophages
  2 scorpions
  5 wights (D:6)
  A howler monkey (D:4)
  5 jellies
  A gnoll shaman (D:5)
  A hound (D:6)
  2 orc priests
  3 iguanas
  Ijyb (D:3)
  Natasha (thrice) (D:3)
  An orc wizard (D:5)
  13 gnolls
  5 adders
  2 shadow imps
  2 worms
  7 dart slugs
  5 orcs
  7 endoplasms
  7 giant cockroaches
  8 goblins
  5 hobgoblins
  2 jackals (D:5)
  6 kobolds
  4 quokkas
  6 ball pythons
  5 bats
  A frilled lizard (D:1)
  10 rats
131 creatures vanquished.

Notes
Turn   | Place    | Note
-------+----------+-------------------------------------------
     0 | D:1      | KristoblXynda the Draconian Monk began the quest for the
                  | Orb.
     0 | D:1      | Reached XP level 1. HP: 19/19 MP: 1/1
    52 | D:1      | Reached XP level 2. HP: 5/26 MP: 2/2
   928 | D:1      | Reached XP level 3. HP: 28/33 MP: 3/3
  1762 | D:2      | Reached skill level 4 in Fighting
  2426 | D:2      | Reached XP level 4. HP: 38/40 MP: 4/4
  2775 | D:3      | Found a faded altar of an unknown god.
  2776 | D:3      | Noticed Sigmund
  2819 | D:3      | Killed Sigmund
  2820 | D:3      | Reached skill level 5 in Fighting
  2820 | D:3      | Reached XP level 5. HP: 20/48 MP: 5/5
  3364 | D:3      | Reached XP level 6. HP: 43/56 MP: 6/6
  3499 | D:3      | Found a snail-covered altar of Cheibriados.
  3618 | D:3      | Noticed Natasha
  3628 | D:3      | Killed Natasha
  3692 | D:3      | Noticed Natasha
  3703 | D:3      | Killed Natasha
  3704 | D:3      | Noticed Ijyb
  3723 | D:3      | Killed Ijyb
  4033 | D:3      | Noticed Natasha
  4051 | D:3      | Killed Natasha
  4613 | D:4      | Reached skill level 5 in Unarmed Combat
  5012 | D:4      | Found a bloodstained altar of Trog.
  5012 | D:4      | Found a hazy altar of Hepliaklqana.
  5013 | D:4      | Found a sparkling altar of Nemelex Xobeh.
  5314 | D:5      | Entered Level 5 of the Dungeon
  5346 | D:5      | Your scales start taking on a rich purple colour.
  5346 | D:5      | Reached XP level 7. HP: 49/62 MP: 7/7
  5652 | D:5      | Reached skill level 6 in Fighting
  5664 | D:5      | Reached skill level 5 in Dodging
  6568 | D:5      | Gained mutation: You are strong-willed. (Will+) [potion of
                  | mutation]
  6568 | D:5      | Gained mutation: Your mind is acute. (Int +2) [potion of
                  | mutation]
  6581 | D:5      | Reached XP level 8. HP: 53/71 MP: 8/8
  6880 | D:6      | Reached skill level 7 in Fighting
  7174 | D:6      | Found a transporter.
  7181 | D:6      | Noticed astraldaughter's ghost (novice HuIE)
  7182 | D:6      | Found a transporter.
  7182 | D:6      | Identified the +11 great mace "Desan" {venom, Contam rC+
                  | rN+ Stlth+}
  7190 | D:6      | Identified the +7 spear of the Usurping Vulture {vorpal,
                  | rF- Int+7}
  7821 | D:6      | Reached skill level 8 in Fighting
  8222 | D:6      | Reached XP level 9. HP: 62/81 MP: 9/9
  8450 | D:7      | Noticed Joseph
  8452 | D:7      | Noticed Duvessa
  8452 | D:7      | Noticed Dowan
  8872 | D:6      | Frozen to death by astraldaughter's ghost

Illustrated notes

Levels and vault maps discovered:
D:1:      saegor_arrival_under_anarchy, layout_basic
D:2:      minmay_alternating_diamond, layout_basic, grunt_decor_junction,
          chequers_arboretum, minmay_heptomino_w4
D:3:      layout_basic, mainiacjoe_overflow_concentric_impassable,
          hellmonk_ecumenical_altar_slurped_away, minmay_quadrilaterals,
          uniq_natasha, uniq_ijyb, uniq_sigmund
D:4:      layout_rooms, gammafunk_temple_overflow_forgotten,
          serial_bayou_pond_c, grunt_ministairs_13
D:5:      layout_rooms
D:6:      layout_cave_pods, gammafunk_ghost_smash
D:7:      layout_basic, pdpol_wu_jian_five_deadly_venoms,
          minmay_temple_entry_fiery, lemuel_another_geyser, uniq_joseph,
          uniq_maggie, uniq_duvessa

Skill      XL: |  1  2  3  4  5  6  7  8 |
---------------+-------------------------+-----
Dodging        | 3 4 5 6 |  6.9
Fighting       | 4 5 6 8 |  8.3
Unarmed Combat | 4 5 6 7 |  7.6
Stealth        | |  1.7

Action                   |  1- 3 |  4- 6 |  7- 9 || total
-------------------------+-------+-------+-------++-------
Melee: Unarmed           |   109 |   213 |   253 ||   575
       Tailslap          |    16 |    35 |    43 ||    94
       Punch             |     5 |     4 |    19 ||    28
 Abil: Breathe Dispellin |       |       |     8 ||     8
  Use: Potion            |       |     3 |     3 ||     6
       Scroll            |       |     8 |     6 ||    14
 Stab: Sleeping          |     6 |     8 |     3 ||    17
Armor: Skin              |    33 |    36 |    52 ||   121
Dodge: Dodged            |    95 |   173 |   218 ||   486

Table legend: (Time is in decaauts)
 A = Elapsed time spent in this place.
 B = Non-inter-level travel time spent in this place.
 C = Inter-level travel time spent in this place.
 D = Time resting spent in this place.
 E = Time spent auto-exploring this place.
 F = Levels seen in this place.
 G = Mean time per level.
                   A        B        C        D        E       F      G
               +--------+--------+--------+--------+--------+-----+--------+
         Total |   8851 |   8621 |    230 |   2938 |   4446 |   7 | 1264.4 |
       Dungeon |   8851 |   8621 |    230 |   2938 |   4446 |   7 | 1264.4 |
               +--------+--------+--------+--------+--------+-----+--------+

Top non-repeatable levels by time:
     D:6: 1986 daAuts
     D:5: 1538 daAuts
     D:3: 1438 daAuts
     D:1: 1405 daAuts
     D:2: 1342 daAuts
     D:4: 1132 daAuts
     D:7: 6 daAuts
